 Dungeon Crawl Stone Soup version bcrawl-1.12.2 (webtiles) character file.

Game seed: 72704046595561741

276 Ebbett the Firebug (level 6, -3/36 HPs)
             Began as a Fairy Fire Elementalist on July 23, 2019.
             Was a Follower of Cheibriados.
             Hit by a tomahawk thrown by an orc (7 damage)
             ... on level 3 of the Dungeon.
             The game lasted 00:23:50 (1645 turns).

Ebbett the Firebug (Fairy Fire Elementalist)        Turns: 1645, Time: 00:23:51

Health: -3/36      AC:  7    Str:  8    XL:     6   Next: 25%
Magic:  12/15      EV: 17    Int: 23    God:    Cheibriados [*.....]
Gold:   140        SH:  5    Dex: 14    Spells: 2/15 levels left

rFire    . . .     SeeInvis .   a - +2 dagger (freeze)
rCold    . . .     Gourm    .   (shield restricted)
rNeg     + . .     Faith    .   (armour unavailable)
rPois    .         Spirit   .   l - +1 helmet
rElec    .         Reflect  .   (no cloak)
rCorr    .         Harm     .   (no gloves)
MR       .....     Rnd*Tele +   (no boots)
Stlth    +.........             (no amulet)
HPRegen  0.12/turn              g - ring of positive energy
MPRegen  0.14/turn              h - ring of teleportation (curse)

@: flying evasively, very slightly contaminated, very slow
A: small, magic attunement, unstealthy, unfitting armour, able to fly, AC/SH +5
a: Stop Flying, Bend Time, Renounce Religion


You were on level 3 of the Dungeon.
You worshipped Cheibriados.
Cheibriados was aware of your devotion.
You were not hungry.

You visited 1 branch of the dungeon, and saw 3 of its levels.

You collected 140 gold pieces.

Inventory:

Hand Weapons
 a - a +2 dagger of freezing (weapon)
Armour
 l - a +1 helmet (worn)
Jewellery
 g - a ring of positive energy (left hand)
 h - a cursed ring of teleportation (right hand)
 i - an uncursed ring of insulation {unknown}
Scrolls
 c - 2 scrolls of teleportation
 f - a scroll of identify
 k - a scroll of enchant armour
Potions
 d - a potion of agility {unknown}
 e - 2 potions of lignification
 m - a potion of magic {unknown}
Comestibles
 b - 8 rations {!d}


   Skills:
 + Level 0.1 Short Blades
 + Level 3.0 Dodging
 + Level 1.8 Stealth
 + Level 5.2 Spellcasting
 + Level 3.3 Conjurations
 + Level 5.5 Fire Magic


You had 2 spell levels left.
You knew the following spells:

 Your Spells              Type           Power        Failure   Level  Hunger
a - Flame Tongue          Conj/Fire      ####.        1%          1    None
b - Fireball              Conj/Fire      ####......   38%         5    None
c - Inner Flame           Hex/Fire       N/A          9%          3    None
d - Sticky Flame          Conj/Fire      ####....     14%         4    None

Your spell library contained the following spells:

 Spells                   Type           Power        Failure   Level  Hunger
 Conjure Flame            Conj/Fire      ####....     4%          3    None


Dungeon Overview and Level Annotations

Branches:
Dungeon (3/12)

Altars:
Cheibriados
Gozag
Trog
Zin
The Shining One


Innate Abilities, Weirdness & Mutations

Your spells do not cause hunger and MP costs are reduced by 1.
Your bright wings attract enemies. (Stealth-)
You cannot fit into any form of body armour.
Your shimmering scales are hard and can block incoming attacks. (AC +5, SH +5)
You are small and have problems with some larger weapons.
You can fly continuously.


Message History

The orc is heavily wounded.
The worm closely misses you.
Casting: Flame Tongue (safe; 1% risk of failure)
Confirm with . or Enter, or press ? or * to list all spells.
Aiming: Flame Tongue (safe; 1% risk of failure)
Press: ? - help, Shift-Dir - straight line, f/p - orc
Aim: an orc (heavily wounded, inner flame)
The flame tongue hits the orc.
The orc explodes!
The fiery explosion engulfs you!
The fiery explosion engulfs the orc.
You kill the orc!
Cheibriados appreciates the change of pace. x2
You are engulfed in blazing flames.
Ouch! That really hurt!
* * * LOW HITPOINT WARNING * * *
You hear a shout!
The orc throws a tomahawk.
The tomahawk hits you but does no damage.
The orc throws a tomahawk.
The tomahawk hits you!
You die...

.[.)...>###*#.####**,***,,,,,,*
...###...####....,,..,*********
##...##........#***..,,,,**
####.##........# *.#***,.******
# #..#........# *.#*,,..,,,,,* #
*#.........%## *.#*,...,,,,,*
###.........###.##....,,,,,*
#..)......§§#.......,,,,,* #####
##(..####.@§§.<#####******
....#####.....###.w.>.%...***
###....##...).# #.o....##.,,*
######........#*#.#.##.#***,****
.##########...........,#***,,,,*
....# *##..#?##.#..,,*****,**
.##.### *****#.#.**.####** *,,*
..#...###,,,,,...,,<# **,*
#<###...#,,,,,...,,.# ***,,*


You could see a worm and an orc.

Vanquished Creatures
  An orc priest (D:3)
  An orc wizard (D:3)
  An iguana (D:3)
  4 gnolls (D:2)
  4 adders
  2 oozes
  An adder skeleton (D:2)
  A worm (D:3)
  3 dart slugs
  3 leopard geckos
  10 orcs (D:3)
  2 ball pythons
  4 giant cockroaches
  6 goblins
  7 hobgoblins
  8 jackals
  2 quokkas (D:2)
  8 bats
  3 frilled lizards
  10 kobolds
  9 rats
90 creatures vanquished.

Notes
Turn   | Place    | Note
-------+----------+-------------------------------------------
     0 | D:1      | Ebbett the Fairy Fire Elementalist began the quest for the
                  | Orb.
     0 | D:1      | Reached XP level 1. HP: 11/11 MP: 6/6
   148 | D:1      | Reached XP level 2. HP: 17/17 MP: 7/7
   365 | D:1      | Reached XP level 3. HP: 16/21 MP: 9/9
   903 | D:2      | Reached XP level 4. HP: 27/27 MP: 11/11
  1090 | D:2      | Found a bloodstained altar of Trog.
  1209 | D:2      | Reached skill level 5 in Fire Magic
  1211 | D:2      | Reached XP level 5. HP: 25/31 MP: 11/13
  1317 | D:2      | Found a glowing golden altar of the Shining One.
  1319 | D:2      | Found an opulent altar of Gozag.
  1322 | D:2      | Found a snail-covered altar of Cheibriados.
  1328 | D:2      | Became a worshipper of Cheibriados the Contemplative
  1479 | D:3      | Found a glowing silver altar of Zin.
  1482 | D:3      | Reached skill level 5 in Spellcasting
  1482 | D:3      | Reached XP level 6. HP: 35/36 MP: 15/15
  1489 | D:3      | Learned a level 5 spell: Fireball
  1493 | D:3      | Learned a level 3 spell: Inner Flame
  1498 | D:3      | Learned a level 4 spell: Sticky Flame
  1575 | D:3      | Reached * piety under Cheibriados
  1645 | D:3      | Hit by a tomahawk thrown by an orc

Skill      XL: |  1  2  3  4  5 |
---------------+----------------+-----
Fire Magic     | 4 5 |  5.5
Spellcasting   | 3 4 5 |  5.2
Conjurations   | 2 3 |  3.3
Dodging        | 3 |  3.0
Short Blades   | |  0.1
Stealth        | |  1.8

Action                   |  1- 3 |  4- 6 || total
-------------------------+-------+-------++-------
Melee: Dagger            |     3 |    13 ||    16
 Cast: Flame Tongue      |    63 |    82 ||   145
       Sticky Flame      |       |     1 ||     1
       Inner Flame       |       |     1 ||     1
  Use: Scroll            |       |     4 ||     4
       Potion            |       |     3 ||     3
  Eat: Chunk             |       |     2 ||     2
Armor: Skin              |     3 |     8 ||    11
Dodge: Dodged            |    22 |    39 ||    61
Block: Other             |     3 |     7 ||    10
